 Dungeon Crawl Stone Soup version 0.29-a0-289-g2178c42546 (webtiles) character file.

Game seed: 14864574837377166616

2 sanka the Ducker (level 1, 23/23 HPs)
             Began as a Gnoll Monk on Mar 17, 2022.
             Was a Believer of Kikubaaqudgha.
             Quit the game on level 1 of the Dungeon.
             The game lasted 00:00:16 (97 turns).

sanka the Ducker (Gnoll Monk)                         Turns: 97, Time: 00:00:17

Health: 23/23      AC:  2    Str: 10    XL:     1   Next: 30%
Magic:  1/1        EV: 14    Int:  9    God:    Kikubaaqudgha [**....]
Gold:   32         SH:  0    Dex: 14    Spells: 0/0 levels left

rFire   . . .      SeeInvis .   a - +0 hand axe
rCold   . . .      Faith    .   (no shield)
rNeg    . . .      Spirit   .   b - +0 robe
rPois   .          Reflect  .   (no helmet)
rElec   .          Harm     .   (no cloak)
rCorr   .          Rampage  .   (no gloves)
Will    .....                   (no boots)
Stlth   +++.......              (no amulet)
HPRegen 0.07/turn               (no ring)
MPRegen 0.07/turn               (no ring)

@: no status effects
A: fangs 1, strong nose, distributed training
a: Renounce Religion, Receive Corpses


You were on level 1 of the Dungeon.
You worshipped Kikubaaqudgha.
Kikubaaqudgha was pleased with you.
You visited 1 branch of the dungeon, and saw 1 of its levels.

You collected 32 gold pieces.


Innate Abilities, Weirdness & Mutations

You have very sharp teeth.
Your uncanny sense of smell can sniff out nearby items.
Your experience applies equally to all skills.


   Skills:
 + Level 6.4 Fighting
 + Level 0.0 Short Blades
 + Level 0.0 Long Blades
 + Level 6.4 Axes
 + Level 0.0 Maces & Flails
 + Level 0.0 Polearms
 + Level 0.0 Staves
 + Level 0.0 Slings
 + Level 0.0 Bows
 + Level 0.0 Crossbows
 + Level 0.0 Throwing
 + Level 0.0 Armour
 + Level 6.4 Dodging
 + Level 4.0 Stealth
 + Level 0.0 Shields
 + Level 0.0 Unarmed Combat
 + Level 0.0 Spellcasting
 + Level 0.0 Conjurations
 + Level 0.0 Hexes
 + Level 0.0 Summonings
 + Level 0.0 Necromancy
 + Level 0.0 Translocations
 + Level 0.0 Transmutations
 + Level 0.0 Fire Magic
 + Level 0.0 Ice Magic
 + Level 0.0 Air Magic
 + Level 0.0 Earth Magic
 + Level 0.0 Poison Magic
 + Level 0.1 Invocations
 + Level 0.0 Evocations


You couldn't memorise any spells.
You didn't know any spells.
Your spell library contained the following spells:

 Spells                   Type           Power      Damage    Failure   Level
 Animate Skeleton         Necr           0%         N/A       38%         1
 Corpse Rot               Necr/Air       0%         N/A       52%         2
 Sublimation of Blood     Necr           0%         N/A       52%         2
 Agony                    Necr           0%         N/A       100%        5

Inventory:

Hand Weapons
 a - a +0 hand axe (weapon)
Armour
 b - a +0 robe (worn)
Potions
 c - a potion of ambrosia

Dungeon Overview and Level Annotations

Branches:
Dungeon (1/15)

Altars:
Kikubaaqudgha

▒▒▒▒'▒▒▒▒▒▒......▒ b.▒
▒▒'▒▒▒▒▒▒▒.▒▒▒▒▒▒▒▒ ..
▒..........▒ ▒...▒ .▒
▒.........▒▒ ▒▒...▒▒▒.▒
▒▒.........▒▒ ▒........▒
▒.......▒▒..▒▒▒........▒
▒.......'..............+
▒.......▒..8...........▒
▒.......▒...g...▒▒▒▒▒.......
▒.......▒..8........ .▒▒.▒▒▒
▒.......▒......▒▒▒▒.▒.▒ ▒
▒.......▒.▒.▒.▒▒ ..
▒.......▒.▒.▒... ▒▒
▒.......▒.▒....▒.
▒▒▒▒▒▒▒▒▒.▒.▒..▒ ▒. ..▒


There were no monsters in sight!


Message History

The frilled lizard hisses angrily.
The frilled lizard barely misses you.
You closely miss the frilled lizard. The frilled lizard bites you.
You slash the frilled lizard!
You kill the frilled lizard!
No target in view!
HP restored.
You open the large door.
Found 22 gold pieces.
There is a large open door here.
There is a large open door here.
You now have 22 gold pieces (gained 12).
You now have 32 gold pieces (gained 10).
You open the door.
Found a faded altar of an unknown god.
There is an open door here.
You open the door.
A bat comes into view.
There is a faded altar of an unknown god here.
You cannot tell which god this altar belongs to.
Convert to them anyway?
Kikubaaqudgha accepts your prayer! Kikubaaqudgha welcomes you!
You can now receive cadavers from Kikubaaqudgha.
Kikubaaqudgha grants you a gift!
You add the spells Animate Skeleton, Corpse Rot, Sublimation of Blood and Agony to your library.
Kikubaaqudgha is now protecting you from necromantic miscasts and death curses.
Unknown command.
Press < or > to pray at altars.
Are you sure you want to abandon this character and quit the game? (Confirm with "yes".)

Action                   || total
-------------------------++-------
Melee: Hand axe          ||     4
 Stab: Sleeping          ||     1
Dodge: Dodged            ||     2

Levels and vault maps discovered:
D:1:      dpeg_arrival_rooms_with_view, layout_basic,
          dreamdust_ecumenical_altar_statues, serial_shops,
          nicolae_shop_crystal, kennysheep_flooded_box, nrook_campfire,
          chequers_garden, minmay_misc_feat_pillars

Notes
Turn   | Place    | Note
-------+----------+-------------------------------------------
     0 | D:1      | sanka the Gnoll Monk began the quest for the Orb.
     0 | D:1      | Reached XP level 1. HP: 23/23 MP: 1/1
    59 | D:1      | Found a faded altar of an unknown god.
    96 | D:1      | Prayed at the altar of an unknown god.
    96 | D:1      | Became a worshipper of Kikubaaqudgha
    96 | D:1      | Reached * piety under Kikubaaqudgha
    96 | D:1      | Received a gift from Kikubaaqudgha
    96 | D:1      | Reached ** piety under Kikubaaqudgha
    97 | D:1      | Quit the game

Vanquished Creatures
  A giant cockroach (D:1)
  A frilled lizard (D:1)
2 creatures vanquished.
